 Dungeon Crawl Stone Soup version 0.18-b1-16-g289874d (webtiles) character file.

166 otab the Cudgeler (level 5, -2/53 HPs)
             Began as an Ogre Gladiator on May 1, 2016.
             Was an Initiate of Okawaru.
             Slain by an adder (4 damage)
             ... on level 3 of the Dungeon.
             The game lasted 00:02:42 (2096 turns).

otab the Cudgeler (Ogre Gladiator)                  Turns: 2096, Time: 00:02:43

Health: -2/53      AC:  4    Str: 21    XL:     5   Next: 47%
Magic:  14/14      EV: 11    Int:  7    God:    Okawaru [......]
Gold:   129        SH:  0    Dex: 10    Spells: 0 memorised, 4 levels left

rFire  . . .     SeeInvis .     a - +1 flail
rCold  . . .     Gourm    .     b - +0 robe
rNeg   . . .     Faith    .     (no shield)
rPois  .         Spirit   .     c - +1 hat
rElec  .         Dismiss  .     (no cloak)
rCorr  .         Reflect  .     (gloves unavailable)
SustAt +         Harm     .     (boots unavailable)
MR     .....                    (no amulet)
Stlth  +.........               p - ring of magical power
                                h - ring of sustain attributes

@: lethally poisoned (-2 -> -4), not resistant to hostile enchantments, very
unstealthy
A: unfitting armour, tough skin 1
a: Renounce Religion


You were on level 3 of the Dungeon.
You worshipped Okawaru.
Okawaru was noncommittal.
You were near starving.

You visited 1 branch of the dungeon, and saw 3 of its levels.

You collected 129 gold pieces.

Inventory:

Hand Weapons
 a - a +1 flail (weapon)
Missiles
 d - 3 throwing nets (quivered)
Armour
 b - a +0 robe (worn)
 c - a +1 hat (worn)
Jewellery
 h - a ring of sustain attributes (left hand)
 p - a ring of magical power (right hand)
Scrolls
 g - a scroll of identify
Comestibles
 f - a bread ration
 i - a royal jelly
 k - a meat ration
 m - 2 beef jerkies


   Skills:
 + Level 3.6 Fighting
 + Level 4.9 Maces & Flails
 + Level 2.2 Throwing
 + Level 4.5 Dodging
 + Level 0.1 Stealth


You had 4 spell levels left.
You didn't know any spells.

Dungeon Overview and Level Annotations

Branches:
Dungeon (3/15)

Altars:
Makhleb
Okawaru


Innate Abilities, Weirdness & Mutations

You are too large for most types of armour.
You have tough skin (AC +1).


Message History

Okawaru is honoured by your kill.
Your Dodging skill increases to level 4!
You have reached level 5!
The adder bites you.
* * * LOW HITPOINT WARNING * * *
Read which item? (? for menu, Esc to quit)
You don't have any unidentified items.
The adder barely misses you. The adder barely misses you.
The adder bites you but does no damage.
You aren't carrying any potions.
The adder bites you.
* * * LOW HITPOINT WARNING * * *
You are lethally poisoned!
The adder poisons you!
* * * LOW HITPOINT WARNING * * *
You feel sick.
* * * LOW HITPOINT WARNING * * *
You feel sick. The adder bites you.
You die...

#.###.............
##.###.............
#....#.............
#....##############
#.#.....# #5#
#.#.....# #.#
#.#####.# #.# #...
#S## #.# #### #@.#
#.# #..# #.#
#..####.# ########
###..#..# #......>
#......# ##.#####
#...#..### #.....#
#####.#.## ##....#
... . #.# #....#
#..# #.# #....#


You could see an adder.

Vanquished Creatures
  The ghost of dwasdwasdwas the Shield-Bearer, an amateur GrFi of Trog (D:3)
  A hound (D:2)
  2 adders
  An ooze (D:1)
  2 giant geckos
  5 hobgoblins (D:2)
  6 jackals
  3 bats
  3 giant newts
  3 goblins
  7 kobolds
  2 rats (D:1)
36 creatures vanquished.

Notes
Turn   | Place    | Note
--------------------------------------------------------------
     0 | D:1      | otab the Ogre Gladiator began the quest for the Orb.
     0 | D:1      | Reached XP level 1. HP: 22/22 MP: 1/1
   292 | D:1      | Reached XP level 2. HP: 27/29 MP: 2/2
  1260 | D:2      | Reached XP level 3. HP: 37/37 MP: 3/3
  1410 | D:2      | Found an iron altar of Okawaru.
  1592 | D:2      | Reached XP level 4. HP: 3/45 MP: 4/4
  1598 | D:2      | Became a worshipper of Warmaster Okawaru
  1820 | D:2      | Found a burning altar of Makhleb.
  1951 | D:3      | Found a faded altar to an unknown god.
  2068 | D:3      | Noticed dwasdwasdwas's ghost (amateur GrFi)
  2080 | D:3      | Killed dwasdwasdwas's ghost
  2080 | D:3      | Reached XP level 5. HP: 5/53 MP: 5/5
  2096 | D:3      | HP: 2/53 [poisoned by an adder]
  2096 | D:3      | Slain by an adder

Skill      XL: |  1  2  3  4 |
---------------+-------------+-----
Fighting       | 3 |  3.6
Dodging        | 3 4 |  4.5
Maces & Flails | |  4.9
Throwing       | |  2.2
Stealth        | |  0.1

Action                   |  1- 3 |  4- 6 || total
-------------------------+-------+-------++-------
Melee: Flail             |   139 |    37 ||   176
  Use: Scroll            |     6 |     2 ||     8
       Potion            |     3 |     1 ||     4
 Stab: Sleeping          |     1 |       ||     1
  Eat: Chunk             |     2 |       ||     2
Armor: Robe              |    74 |    10 ||    84
Dodge: Dodged            |   139 |    26 ||   165
